 Dungeon Sprint DCSS version 0.13-a0-2859-gb62c5ab (webtiles) character file.

7525 Misa the Unseen (level 10, -9/44 HPs)
             Began as a Spriggan Enchanter on Aug 28, 2013.
             Was a Believer of Lugonu.
             Mangled by a hellephant (11 damage)
             ... in the Dungeon (Sprint II: "The Violet Keep of Menkaure").
             The game lasted 00:07:55 (1082 turns).

Misa the Unseen (Spriggan Enchanter)                Turns: 1082, Time: 00:07:55

HP  -9/44        AC  3     Str  4      XL: 10   Next: 86%
MP  26/33        EV 18     Int 19      God: Lugonu [**....]
Gold 377         SH  0     Dex 18      Spells:  3 memorised, 31 levels left

Res.Fire  : . . .   See Invis. : +   a - +1 dagger (curse) {=f}
Res.Cold  : . . .   Warding    : .   b - +1 robe
Life Prot.: . . .   Conserve   : .   (shield restricted)
Res.Poison: .       Res.Corr.  : .   (helmet restricted)
Res.Elec. : .       Clarity    : .   (no cloak)
Sust.Abil.: . .     Spirit.Shd : .   (gloves unavailable)
Res.Mut.  : .       Prev.Telep.: +   (boots unavailable)
Res.Rott. : .       Flight     : +   (no amulet)
Saprovore : . . .                    (no ring)
                                     e - ring of flight

@: flying, very slightly contaminated, very quick, quite resistant to hostile
enchantments, extraordinarily stealthy
A: unfitting armour, see invisible, herbivore 3, speed 3, slow metabolism 2
a: Bend Space, Renounce Religion, Stop Flying


You were in the Dungeon.
You worshipped Lugonu.
Lugonu was most pleased with you.
You were not hungry.

You visited 1 branch You collected 567 gold pieces.
You spent 210 gold pieces at shops.

Inventory:

Hand weapons
 a - a cursed +1,+1 dagger (weapon) {=f}
Missiles
 d - 12 darts (quivered)
Armour
 b - a +1 robe (worn)
Scrolls
 k - a scroll of blinking
Jewellery
 e - a ring of flight (left hand)
Potions
 i - 2 potions of magic
Books
 c - a book of Maledictions

   Spells                             Type                      Level
   *Corona                            Hexes                        1
   Sure Blade                         Hexes/Charms                 2
   *Ensorcelled Hibernation           Hexes/Ice                    2
   Confuse                            Hexes                        3
   Enslavement                        Hexes                        4
   *Invisibility                      Hexes                        6


   Skills:
 * Level 13.7 Short Blades
 - Level 1.1 Throwing
 - Level 3.0 Dodging
 * Level 18.6 Stealth
 - Level 15.5 Spellcasting
 - Level 15.7 Hexes


You had 31 spell levels left.
You knew the following spells:

 Your Spells              Type           Power        Failure   Level  Hunger
a - Corona                Hex            ######.      0%          1    None
b - Ensorcelled Hibernat  Hex/Ice        #####.       1%          2    None
c - Invisibility          Hex            ######..     1%          6    #####..


Dungeon Overview and Level Annotations

Branches:
Dungeon (1/1)

Altars:
Cheibriados
Elyvilon
Fedhas
Kikubaaqudgha
Makhleb
Nemelex Xobeh
Okawaru
Sif Muna
Trog
Vehumet
Xom
Yredelemnul
Zin
the Shining One
Beogh
Jiyva
Lugonu

Shops:
D ![![!(+=/[=(=?%

Annotations:
D exclusion: ice statue


Innate Abilities, Weirdness & Mutations

You are tiny and cannot use many weapons and most armour.
You have supernaturally acute eyesight.
You are a herbivore.
You cover ground extremely quickly.
You need consume almost no food.


Message History

You spit Sonja like a pig!!!!!
You kill Sonja!
Lugonu accepts your kill.
You can now bend space around yourself.
The hellephant trumpets!
The green draconian shifter roars!
The giant orange brain turns its gaze towards you.
The tentacle slaps you!
Ouch! That really hurt!
A tentacle rises from the water!
There is a fountain of blood here.
The giant orange brain pulsates.
The giant orange brain blinks!
The green draconian shifter unwields an uncursed short sword.
The green draconian shifter drops an uncursed short sword.
The green draconian shifter picks up a runed short sword {Sonja}.
The green draconian shifter wields a runed short sword {Sonja}.
Its appearance distorts for a moment.
The hellephant tramples you.
You hold your ground!
The hellephant bites you!
* * * LOW HITPOINT WARNING * * *
The hellephant gores you!
You die...

# %## ##+## ..#
#G..# %%#
[#?[=??$[)##.⌠.# #.#
)#%?$$$!!(##.$.#
.#####%(?)$(?)##.$.#
.##$##()!$?(?!##.Y.#
.#..##$$!)$)!(##@§d#
.#.%##$($($?($##.⌠.#
.##.##?)![!=$!##w.w#
...#########+####*##
≈≈≈%≈≈≈%≈≈§§...§wX#
#'########§###.§w§#
#........#§§≈##§§§#
#...⌠....#;§≈≈#####
#.._._...#§≈≈≈≈#


You could see a kraken, a hellephant, a green draconian shifter, a giant orange
brain and 2 tentacles.

Vanquished Creatures
  A dragon (D)
  2 plague shamblers (D)
  2 death drakes (D)
  3 griffons (D)
  3 giant amoebae (D)
  A mermaid (D)
  A yaktaur (D)
  2 polar bears (D)
  Sonja (D)
  A hippogriff (D)
  Menkaure (D)
  4 necrophages (D)
  A yellow wasp (D)
  2 big fish (D)
25 creatures vanquished.

Vanquished Creatures (others)
  A swamp drake (D)
  3 tentacles (D)
  A tentacle segment (D)
5 creatures vanquished.

Grand Total: 30 creatures vanquished

Notes
Turn   | Place    | Note
--------------------------------------------------------------
     0 | D        | Misa, the Spriggan Enchanter, began the quest for the Orb.
     0 | D        | Reached XP level 1. HP: 9/9 MP: 4/4
     0 | D        | Noticed a hippogriff
     0 | D        | Noticed a hippogriff
     3 | D        | Noticed an agate snail
     3 | D        | Noticed an agate snail
     3 | D        | Noticed an agate snail
     6 | D        | Noticed a mermaid
     9 | D        | Noticed a necrophage
     9 | D        | Noticed a necrophage
     9 | D        | Noticed a necrophage
     9 | D        | Noticed a necrophage
    14 | D        | Killed a necrophage
    14 | D        | Reached skill level 6 in Short Blades
    14 | D        | Reached skill level 9 in Stealth
    14 | D        | Reached XP level 2. HP: 13/13 MP: 6/6
    14 | D        | Reached XP level 3. HP: 16/16 MP: 9/9
    14 | D        | Reached XP level 4. HP: 21/21 MP: 11/11
    21 | D        | Killed a necrophage
    21 | D        | Reached skill level 12 in Stealth
    21 | D        | Reached XP level 5. HP: 24/24 MP: 13/13
    26 | D        | Killed a necrophage
    26 | D        | Reached skill level 10 in Short Blades
    26 | D        | Reached skill level 13 in Stealth
    26 | D        | Reached XP level 6. HP: 28/28 MP: 16/16
    30 | D        | Killed a necrophage
    30 | D        | Reached skill level 14 in Stealth
    70 | D        | Learned a level 2 spell: Ensorcelled Hibernation
   146 | D        | Killed a mermaid
   146 | D        | Reached XP level 7. HP: 26/32 MP: 3/23
   260 | D        | Noticed Menkaure
   261 | D        | Noticed an orange crystal statue
   273 | D        | Killed Menkaure
   430 | D        | Learned a level 6 spell: Invisibility
   437 | D        | Found a bloodstained altar of Trog.
   437 | D        | Found a burning altar of Makhleb.
   437 | D        | Found a white marble altar of Elyvilon.
   438 | D        | Found a shimmering altar of Xom.
   438 | D        | Found a roughly hewn altar of Beogh.
   438 | D        | Found a basalt altar of Yredelemnul.
   438 | D        | Found a viscous altar of Jiyva.
   441 | D        | Noticed a crocodile
   447 | D        | Noticed a dragon
   451 | D        | Killed a dragon
   451 | D        | Reached XP level 8. HP: 21/36 MP: 18/28
   591 | D        | Noticed a plague shambler
   604 | D        | Noticed a death drake
   608 | D        | Noticed a death drake
   608 | D        | Noticed a swamp drake
   608 | D        | Noticed a plague shambler
   609 | D        | Killed a plague shambler
   609 | D        | Reached XP level 9. HP: 39/39 MP: 25/30
   610 | D        | Killed a plague shambler
   616 | D        | Found a radiant altar of Vehumet.
   616 | D        | Found a sparkling altar of Nemelex Xobeh.
   617 | D        | Noticed a yaktaur
   617 | D        | Noticed a yellow wasp
   617 | D        | Noticed a polar bear
   618 | D        | Noticed a polar bear
   618 | D        | Noticed a polar bear
   618 | D        | Killed a swamp drake
   619 | D        | Killed a polar bear
   620 | D        | Killed a polar bear
   625 | D        | Killed a yellow wasp
   640 | D        | Killed a death drake
   640 | D        | Reached skill level 15 in Hexes
   642 | D        | Killed a death drake
   642 | D        | Reached skill level 15 in Spellcasting
   642 | D        | Reached XP level 10. HP: 44/44 MP: 16/33
   813 | D        | Killed a yaktaur
   813 | D        | Reached skill level 15 in Stealth
   825 | D        | Noticed a griffon
   826 | D        | Noticed a griffon
   826 | D        | Noticed a griffon
   827 | D        | Killed a griffon
   828 | D        | Killed a griffon
   828 | D        | Reached skill level 16 in Stealth
   830 | D        | Killed a griffon
   833 | D        | Noticed a deep elf master archer
   836 | D        | Noticed a giant amoeba
   836 | D        | Noticed a giant amoeba
   836 | D        | Noticed a giant amoeba
   838 | D        | Killed a giant amoeba
   838 | D        | Reached skill level 17 in Stealth
   840 | D        | Killed a giant amoeba
   841 | D        | Killed a giant amoeba
   841 | D        | Reached skill level 18 in Stealth
   853 | D        | Noticed a big fish
   857 | D        | Killed a big fish
   858 | D        | Found a glowing golden altar of the Shining One.
   860 | D        | Found a blossoming altar of Fedhas.
   860 | D        | Found an ancient bone altar of Kikubaaqudgha.
   860 | D        | Found a snail-covered altar of Cheibriados.
   862 | D        | Found an iron altar of Okawaru.
   862 | D        | Found a deep blue altar of Sif Muna.
   862 | D        | Found a corrupted altar of Lugonu.
   863 | D        | Found a glowing silver altar of Zin.
   863 | D        | Noticed a big fish
   863 | D        | Noticed a big fish
   863 | D        | Noticed a big fish
   865 | D        | Noticed a big fish
   867 | D        | Noticed a big fish
   869 | D        | Became a worshipper of Lugonu the Unformed
   869 | D        | Acquired Lugonu's first power
   899 | D        | Killed a hippogriff
   908 | D        | Noticed an ice statue
   914 | D        | Found Jameczui's Jewellery Shop.
   914 | D        | Found Truynip's Jewellery Shop.
   915 | D        | Found Nonaf's Antique Armour Boutique.
   915 | D        | Found Kuptenk's Food Shop.
   915 | D        | Found Ohaxiani's Magical Wand Boutique.
   915 | D        | Found Twoac's Jewellery Boutique.
   916 | D        | Found Bruaduef's Magic Scroll Boutique.
   916 | D        | Found Eruapt's Book Shop.
   916 | D        | Found Nyamp's Antique Weapon Shop.
   916 | D        | Noticed a redback
   917 | D        | Found Rar Len's Antique Weapon Boutique.
   919 | D        | Found Skodechi's Distillery.
   919 | D        | Found Wismiucu's Armour Boutique.
   919 | D        | Noticed a redback
   920 | D        | Found Greh's Distillery.
   920 | D        | Found Jiups' Antique Armour Shop.
   921 | D        | Found Esyomp's Distillery.
   922 | D        | Bought an uncursed ring of flight for 210 gold pieces
  1063 | D        | Killed a big fish
  1064 | D        | Noticed a big fish
  1065 | D        | Noticed a kraken
  1067 | D        | Noticed a big fish
  1076 | D        | Noticed a green draconian shifter
  1076 | D        | Noticed a giant orange brain
  1076 | D        | Noticed Sonja
  1077 | D        | Noticed a hellephant
  1080 | D        | Killed Sonja
  1080 | D        | Acquired Lugonu's second power
  1082 | D        | HP: 2/44 [hellephant (15)]
  1082 | D        | Mangled by a hellephant

Action                   |  1- 3 |  4- 6 |  7- 9 | 10-12 || total
-------------------------+-------+-------+-------+-------++-------
Melee: Dagger            |     2 |    74 |    18 |    15 ||   109
 Cast: Ensorcelled Hiber |       |     6 |     4 |     4 ||    14
       Invisibility      |       |       |     3 |     2 ||     5
 Abil: Evoke Flight      |       |       |       |     1 ||     1
  Use: Potion            |     1 |     3 |     1 |       ||     5
 Stab: Sleeping          |     1 |       |     8 |    11 ||    20
       Invisible         |       |       |       |     1 ||     1
